 Dungeon Crawl Stone Soup version 0.30.1-3-gfc49f6343a (webtiles) character file.

Game seed: 3518100691767787383

0 cdecastro the Caller (level 1, -2/13 HPs)
             Began as a Merfolk Summoner on Aug 2, 2023.
             Slain by a kobold
             ... wielding a +0 whip
              (4 damage)
             ... on level 1 of the Dungeon.
             The game lasted 00:00:31 (82 turns).

cdecastro the Caller (Merfolk Summoner)               Turns: 82, Time: 00:00:31

Health: -2/13      AC:  2    Str:  8    XL:     1   Next: 10%
Magic:  0/3        EV: 12    Int: 14    God:
Gold:   0          SH:  0    Dex: 14    Spells: 3/4 levels left

rFire   . . .        e - +0 club
rCold   . . .        (no shield)
rNeg    . . .        a - +0 robe
rPois   .            (no helmet)
rElec   .            (no cloak)
rCorr   .            (no gloves)
SInv    .            (no boots)
Will    .....        (no amulet)
Stlth   ++           (no ring)
HPRegen 0.22/turn    (no ring)
MPRegen 0.08/turn

%: no passive effects
@: no status effects
A: (nimble swimmer 2), mertail
a: no special abilities


You were on level 1 of the Dungeon.
You visited 1 branch of the dungeon, and saw 1 of its levels.

Inventory:

Hand Weapons
 e - a +0 club (weapon)
Armour
 a - a +0 robe (worn)
Scrolls
 c - a scroll of brand weapon {unknown}
Potions
 b - a potion of magic
 d - 2 potions of berserk rage {unknown}


   Skills:
 - Level 2.6 Dodging
 - Level 2.1 Stealth
 - Level 2.0 Spellcasting
 + Level 4.0 Summonings


You had 3 spell levels left.
You knew the following spells:

 Your Spells              Type           Power      Damage    Failure   Level
a - Summon Small Mammal   Summ           48%        N/A       4%          1

Your spell library contained the following spells:

 Spells                   Type           Power      Damage    Failure   Level
 Call Imp                 Summ           24%        N/A       7%          2
 Call Canine Familiar     Summ           12%        N/A       14%         3
 Summon Guardian Golem    Hex/Summ       7%         N/A       30%         3
 Summon Lightning Spire   Summ/Air       7%         N/A       71%         4


Dungeon Overview and Level Annotations

Branches:
Dungeon (1/15)

Altars:


Innate Abilities, Weirdness & Mutations

((You are very nimble when in or above water. (Stealth+, EV+, Speed+++)))
Your lower body shifts to a powerful aquatic tail in water.


Message History

Your rat bites the kobold but does no damage.
Unknown command.
You hit the kobold but do no damage.
Your rat closely misses the kobold.
The kobold hits your rat with a +0 short sword.
Your rat dies!
Your rat's corpse disappears in a puff of smoke!
The kobold barely misses you.
Unknown command.
The kobold hits you with a +0 whip.
* * * LOW HITPOINT WARNING * * *
Your rat bites the kobold but does no damage.
Unknown command.
Your rat closely misses the kobold.
You see here a +0 club.
e - a +0 club The kobold closely misses your rat.
e - a +0 club (weapon)
Unknown command.
You are too injured to fight recklessly!
Unknown command.
Casting: Summon Small Mammal (safe; 4% risk of failure)
Press: ? - help, Q - select action Dir - look around, f - activate The kobold barely misses you.
The kobold hits your rat with a +0 short sword.
Unknown command.
Your bat hits the kobold.
The kobold hits your rat with a +0 short sword.
Your rat dies!
Your rat's corpse disappears in a puff of smoke!
Unknown command.
You closely miss the kobold.
The kobold is moderately wounded.
Your bat hits the kobold. The kobold hits you with a +0 whip.
* * * LOW HITPOINT WARNING * * *
Unknown command.
You barely miss the kobold.
The kobold is severely wounded.
Your bat closely misses the kobold.
The kobold barely misses you. The kobold completely misses you.
The kobold hits you with a +0 whip.
You die...

#.###'#'####.# ...
.....>.......########...
#.#.#.#.##..............
# #'###............. ...
##............ .....
#............
......###...........
##############K#.#####.
.............@K.......
########......b..#####
###'#+##..# #(....#..#
#.....+...# #<.8..#.....
#.....+.##.#. #.....#.#
.# . #######.# #


You could see 2 kobolds and a friendly bat (summoned).

Vanquished Creatures (collateral kills)
  A goblin (D:1)
1 creature vanquished.

Notes
Turn   | Place    | Note
-------+----------+-------------------------------------------
     0 | D:1      | cdecastro the Merfolk Summoner began the quest for the Orb.
     0 | D:1      | Reached XP level 1. HP: 13/13 MP: 3/3
    82 | D:1      | Slain by a kobold

Illustrated notes

Levels and vault maps discovered:
D:1:      minmay_arrival_solitary_statue, layout_basic

Action                     || total
---------------------------++-------
  Melee: Unarmed           ||     9
         Club              ||     2
   Cast: Summon Small Mamm ||     6
 Armour: Robe              ||     3
  Dodge: Dodged            ||     7
